 Dungeon Crawl Stone Soup version 0.23-a0-49-gd9f7a49 (webtiles) character file.

148 Amnesiac the Conjurer (level 5, -5/35 HPs)
             Began as a Mummy Conjurer on Aug 7, 2018.
             Slain by a sickly merfolk siren
             ... wielding a +0 trident
              (14 damage)
             ... in a sewer.
             The game lasted 00:03:50 (1125 turns).

Amnesiac the Conjurer (Mummy Conjurer)              Turns: 1125, Time: 00:03:50

Health: -5/35      AC:  4    Str: 12    XL:     5   Next: 8%
Magic:  3/11       EV: 12    Int: 15    God:
Gold:   63         SH:  0    Dex: 12    Spells: 6/13 levels left

rFire    x . .     SeeInvis .   a - +2 flail (protect)
rCold    + . .     Gourm    .   (no shield)
rNeg     + + +     Faith    .   d - +2 robe {MR+}
rPois    ∞         Spirit   .   (no helmet)
rElec    .         Reflect  .   (no cloak)
rCorr    .         Harm     .   (no gloves)
MR       +....                  (no boots)
Stlth    +.........             (no amulet)
HPRegen  0.11/turn              (no ring)
MPRegen  0.12/turn              (no ring)

@: about to teleport, very slow
A: no food or potions, fire vulnerability, cold resistance 1, negative energy
resistance 3, torment resistance, unbreathing
a: no special abilities


You were in a sewer.
You were not hungry.

You visited 1 branch of the dungeon, and saw 4 of its levels.
You also visited: Sewer.

You collected 63 gold pieces.

Inventory:

Hand Weapons
 a - a +2 flail of protection (weapon)
 b - a +0 blowgun
 g - a +0 whip
Missiles
 f - 22 poisoned needles
Armour
 d - a +2 robe of magic resistance (worn)
Scrolls
 c - 2 scrolls of magic mapping {!r, unknown}
 e - a scroll of enchant armour {!r, unknown}
 i - a scroll of identify {!r}


   Skills:
 - Level 1.5 Dodging
 - Level 1.5 Stealth
 + Level 4.5 Spellcasting
 * Level 4.6 Conjurations


You had 6 spell levels left.
You knew the following spells:

 Your Spells              Type           Power        Failure   Level  Hunger
a - Magic Dart            Conj           ###.         2%          1    N/A
b - Iskenderun's Mystic   Conj           ###.....     26%         4    N/A
d - Searing Ray           Conj           ###...       3%          2    N/A

Your spell library contained the following spells:

 Spells                   Type           Power        Failure   Level  Hunger
 Fulminant Prism          Conj/Hex       ##........   54%         4    N/A
 Dazzling Spray           Conj/Hex       ##....       21%         3    N/A
 Force Lance              Conj/Tloc      ##......     54%         4    N/A

Dungeon Overview and Level Annotations

Branches:
Dungeon (4/15)
 Temple: D:4-7

Altars:
Makhleb


Innate Abilities, Weirdness & Mutations

You do not eat or drink.
Your flesh is vulnerable to fire.
You are immune to poison.
Your flesh is cold resistant. (rC+)
You are immune to negative energy. (rN+++)
You are immune to unholy pain and torment.
You can survive without breathing.


Message History

You start resting.
An adder comes into view.
Your magical contamination has completely faded away.
Casting: Magic Dart (safe; 2% risk of failure)
Confirm with . or Enter, or press ? or * to list all spells.
Aiming: Magic Dart (safe; 2% risk of failure)
Press: ? - help, Shift-Dir - straight line, f - adder
Aim: an adder (water, hasn't noticed you)
The magic dart hits the adder.
The adder is lightly wounded.
The adder hisses angrily.
You hear a shout!
The adder bites you but does no damage.
Casting: Magic Dart (safe; 2% risk of failure)
Confirm with . or Enter, or press ? or * to list all spells.
Aiming: Magic Dart (safe; 2% risk of failure)
Press: ? - help, Shift-Dir - straight line, f/p - adder
Aim: an adder (lightly wounded)
The magic dart hits the adder.
The adder is severely wounded.
The adder bites you.
Casting: Magic Dart (safe; 2% risk of failure)
Confirm with . or Enter, or press ? or * to list all spells.
Aiming: Magic Dart (safe; 2% risk of failure)
Press: ? - help, Shift-Dir - straight line, f/p - adder
Aim: an adder (severely wounded)
The magic dart hits the adder.
The adder is almost dead.
The adder closely misses you.
The sickly merfolk siren hits you with a trident!
Casting: Magic Dart (safe; 2% risk of failure)
Confirm with . or Enter, or press ? or * to list all spells.
Aiming: Magic Dart (safe; 2% risk of failure)
Press: ? - help, Shift-Dir - straight line, f/p - adder
Aim: an adder (almost dead)
The magic dart hits the adder.
You kill the adder!
The sickly merfolk siren hits you with a trident.
* * * LOW HITPOINT WARNING * * *
Casting: Magic Dart (safe; 2% risk of failure)
Confirm with . or Enter, or press ? or * to list all spells.
Aiming: Magic Dart (safe; 2% risk of failure)
Press: ? - help, Shift-Dir - straight line, f - sickly merfolk siren
Aim: a sickly merfolk siren, wielding a trident The magic dart hits the sickly merfolk siren.
The sickly merfolk siren closely misses you.
The sickly merfolk siren hits you from afar with a trident.
* * * LOW HITPOINT WARNING * * *
You see here a rat corpse.
A rat comes into view.
Really read
i - 2 scrolls labeled KORCHU EMUUXASM {!r}?
As you read the scroll labeled KORCHU EMUUXASM {!r}, it crumbles to dust.
It is a scroll of identify.
h - a scroll of teleportation {!r} The sickly merfolk siren chants a haunting song.
You are mesmerised by the sickly merfolk siren!
You break out of your daze!
Really read
h - a scroll of teleportation {!r}?
As you read the scroll of teleportation {!r}, it crumbles to dust.
You feel strangely unstable.
You enter the shallow water.
Moving in this stuff is going to be slow.
The rat closely misses you.
The sickly merfolk siren hits you from afar with a trident!
You die...

# #.. ...≈
#######...≈≈
#.m..†.†≈≈≈≈
#†##@r≈≈≈≈≈≈ #
#.#≈≈≈###≈##
#############≈≈≈###
..≈≈≈†≈≈≈≈≈≈≈≈≈≈#
≈≈≈≈≈≈≈##########
##########
...≈≈≈≈∩∩#
###.≈≈≈### ##.≈##


You could see a sickly merfolk siren and a rat.

Vanquished Creatures
  Jessica (D:2)
  A merfolk siren (Sewer)
  A worker ant (D:4)
  2 river rats (Sewer)
  2 adders
  A worm (D:2)
  2 leopard geckos (Sewer)
  2 orcs
  A ball python (Sewer)
  A giant cockroach (Sewer)
  2 goblins
  4 hobgoblins
  4 jackals (D:4)
  3 kobolds
  2 frilled lizards
  10 rats
39 creatures vanquished.

Notes
Turn   | Place    | Note
-------+----------+-------------------------------------------
     0 | D:1      | Amnesiac the Mummy Conjurer began the quest for the Orb.
     0 | D:1      | Reached XP level 1. HP: 13/13 MP: 4/4
   209 | D:2      | Noticed Jessica
   236 | D:2      | Killed Jessica
   236 | D:2      | Reached XP level 2. HP: 19/19 MP: 0/6
   236 | D:2      | Reached XP level 3. HP: 24/24 MP: 0/8
   291 | D:2      | Learned a level 2 spell: Searing Ray
   534 | D:4      | Reached XP level 4. HP: 30/30 MP: 6/10
   542 | D:4      | Learned a level 4 spell: Iskenderun's Mystic Blast
   546 | D:4      | Found a burning altar of Makhleb.
   742 | D:3      | Found a glowing drain.
   748 | Sewer    | Entered a sewer
  1089 | Sewer    | Reached XP level 5. HP: 35/35 MP: 8/11
  1125 | Sewer    | Slain by a sickly merfolk siren

Vault maps used:
D:1:      dpeg_arrival_shrine
D:2:      xom_redecorated, first_ration, uniq_jessica, uniq_crazy_yiuf_cottage
D:3:      cheibrodos_sewer_entry_sluice
D:4:      lemuel_coloured_pillars_altar, kennysheep_mini_moat,
          minmay_temple_entry_hall
Sewer:    sewer_sea

Skill      XL: |  1  2  3 |
---------------+----------+-----
Spellcasting   | 3 4 |  4.5
Conjurations   | 4 |  4.6
Dodging        | |  1.5
Stealth        | |  1.5

Action                   |  1- 3 |  4- 6 || total
-------------------------+-------+-------++-------
Melee: Whip              |     9 |     3 ||    12
 Cast: Magic Dart        |    26 |    44 ||    70
       Searing Ray       |     2 |     5 ||     7
  Use: Scroll            |       |     2 ||     2
 Stab: Sleeping          |     1 |       ||     1
Armor: Robe              |       |     4 ||     4
Dodge: Dodged            |     8 |    17 ||    25

Table legend:
 A = Spawn XP
 B = Non-spawn XP
 C = Spawn XP percentage of total XP
 D = Spawn monster count
 E = Non-spawn monster count
 F = Spawn count percentage of total count
 G = Total turns spent on level
                    A         B        C        D         E        F      G
               +---------+---------+-------+---------+---------+-------+---------
         Total |       0 |     212 |   0.0 |       0 |      39 |   0.0 |  1125
               +---------+---------+-------+---------+---------+-------+---------
           D:1 |       0 |      11 |   0.0 |       0 |       7 |   0.0 |   196
           D:2 |       0 |      60 |   0.0 |       0 |       5 |   0.0 |   222
           D:3 |       0 |      10 |   0.0 |       0 |       6 |   0.0 |   256
           D:4 |       0 |      40 |   0.0 |       0 |       5 |   0.0 |    74
         Sewer |       0 |      91 |   0.0 |       0 |      16 |   0.0 |   377
               +---------+---------+-------+---------+---------+-------+---------
